[Event "Titled Tuesday Blitz August 08 Early 2023"]
[White "FREDERICKtheMATE"]
[Black "Godzwon, Iwo"]
[BlackFideId "21802483"]
[WhiteElo "2445"]
[BlackElo "2682"]
[Result "1/2-1/2"]
[Round "3"]
[TimeControl "180+1"]
[Date "2023.08.08"]
[WhiteClock "0:00:10"]
[BlackClock "0:00:17"]
[Board "74"]

1. Nf3 d5 2. d4 c6 3. g3 Bf5 4. Bg2 e6 5. O-O h6 6. b3 Nf6 7. Bb2 Be7 8. Nbd2 O-O 9. c4 Nbd7 10. Re1 Bh7 11. Ne5 Re8 12. e4 Bb4 13. exd5 cxd5 14. a3 Bxd2 15. Qxd2 Qb6 16. Nxd7 Nxd7 17. cxd5 Qxb3 18. dxe6 Rxe6 19. d5 Ree8 20. d6 Qd3 21. Qxd3 Bxd3 22. Re7 Rxe7 23. dxe7 Re8 24. Re1 Nc5 25. Bc3 Bb5 26. Re5 b6 27. Bb4 Bd7 28. Bd5 Nd3 29. Re3 Nxb4 30. axb4 g6 31. Kf1 Kg7 32. h4 f5 33. Kg2 a5 34. bxa5 bxa5 35. Rc3 Rxe7 36. Rc7 Kf6 37. Ra7 a4 38. Ra6+ Kg7 39. Ra7 f4 40. Kh2 fxg3+ 41. Kxg3 Kf6 42. Ra6+ Ke5 43. Ba2 Rg7 44. f4+ Kd4 45. Bb1 g5 46. hxg5 hxg5 47. fxg5 Rxg5+ 48. Kf4 Rg4+ 49. Kf3 Rg7 50. Bc2 Bb5 51. Ra5 Rg5 52. Kf4 Rc5 53. Bxa4 Kc4 54. Rxb5 Rxb5 55. Bxb5+ 1/2-1/2


[Site "https://www.chess.com"]

[Event "Titled Tuesday Blitz August 08 Early 2023"]
[White "Ioannidis, Evgenios"]
[Black "Jumanov, Elbek"]
[WhiteFideId "4229274"]
[BlackFideId "14202905"]
[WhiteElo "2680"]
[BlackElo "2418"]
[Result "1-0"]
[Round "3"]
[TimeControl "180+1"]
[Date "2023.08.08"]
[WhiteClock "0:02:31"]
[BlackClock "0:02:00"]
[Board "75"]

1. d4 Nf6 2. c4 c5 3. d5 b5 4. cxb5 a6 5. bxa6 g6 6. Nc3 Bg7 7. e4 O-O 8. a7 Na6 9. Nf3 d6 10. Be2 Rxa7 11. O-O Nb4 12. a3 Ba6 13. Bg5 Bxe2 14. Qxe2 Na6 15. e5 Ng4 16. exd6 f6 17. Nb5 Rd7 18. Bf4 exd6 19. Qe6+ Kh8 20. Qxg4 f5 21. Qg3 Bxb2 22. Rab1 1-0


[Site "https://www.chess.com"]

[Event "Titled Tuesday Blitz August 08 Early 2023"]
[White "Castella Garcia, Fausto"]
[Black "Matinian, Nikita"]
[WhiteFideId "3501922"]
[BlackFideId "24129100"]
[WhiteElo "2394"]
[BlackElo "2671"]
[Result "1/2-1/2"]
[Round "3"]
[TimeControl "180+1"]
[Date "2023.08.08"]
[WhiteClock "0:00:05"]
[BlackClock "0:00:04"]
[Board "76"]

1. e4 c5 2. Nf3 e6 3. Nc3 Nc6 4. Bb5 Nd4 5. O-O a6 6. Bd3 Nc6 7. Be2 b5 8. d4 cxd4 9. Nxd4 Bb7 10. Be3 Qc7 11. a3 Rc8 12. f4 Nxd4 13. Qxd4 Nf6 14. Bf3 Bc5 15. Qxc5 Qxc5 16. Bxc5 Rxc5 17. Rad1 a5 18. e5 Bxf3 19. Rxf3 Nd5 20. Nxd5 exd5 21. c3 Ke7 22. Rfd3 Ke6 23. b4 axb4 24. cxb4 Rc7 25. Rxd5 Ra8 26. R5d3 Raa7 27. Kf2 h5 28. Kf3 Rc4 29. g3 Rc2 30. h3 Ra2 31. Ke4 R2xa3 32. f5+ Ke7 33. Rxa3 Rxa3 34. Rd3 Ra4 35. Rb3 Ra1 36. Kd5 Rc1 37. g4 hxg4 38. hxg4 Rg1 39. Kc5 Rxg4 40. Kxb5 Re4 41. f6+ gxf6 42. exf6+ Kxf6 43. Kc5 Ke5 44. b5 d5 45. b6 Rc4+ 46. Kb5 Rc8 47. b7 Rb8 48. Kc6 d4 49. Kc7 Rh8 50. b8=Q Rxb8 51. Rxb8 d3 52. Re8+ Kd4 53. Kd6 d2 54. Ke7 Ke3 55. Rd8 f6 56. Kxf6 Ke2 57. Ke5 d1=Q 58. Rxd1 Kxd1 1/2-1/2


[Site "https://www.chess.com"]

[Event "Titled Tuesday Blitz August 08 Early 2023"]
[White "Zeynalli, Rashad"]
[Black "Nathan, Nitish"]
[WhiteFideId "13403320"]
[BlackFideId "30927870"]
[WhiteElo "2671"]
[BlackElo "2382"]
[Result "0-1"]
[Round "3"]
[TimeControl "180+1"]
[Date "2023.08.08"]
[WhiteClock "0:00:00"]
[BlackClock "0:00:08"]
[Board "77"]

1. e4 c5 2. Nf3 Nc6 3. Bb5 e6 4. O-O Nge7 5. d4 cxd4 6. Nxd4 Qb6 7. Nxc6 bxc6 8. Bd3 Ng6 9. Kh1 Be7 10. f4 O-O 11. Nd2 d5 12. Qh5 f5 13. exf5 exf5 14. Nf3 Ba6 15. Bxa6 Qxa6 16. Bd2 Bf6 17. Qxf5 Rae8 18. Qd3 Qxd3 19. cxd3 Bxb2 20. Rab1 Ba3 21. Rb7 Rf7 22. Rfb1 Bc5 23. Rxf7 Kxf7 24. Rc1 Bd6 25. Rxc6 Bxf4 26. Rxg6 Bxd2 27. Rd6 Rc8 28. g3 Rc1+ 29. Kg2 Rc2 30. Kh3 Rxa2 31. Rxd5 a5 32. Kg4 Ra4+ 33. Kf5 g6+ 34. Ke5 Bc3+ 35. d4 Ra1 36. Ng5+ Kg7 37. Rd7+ Kg8 38. Nxh7 Re1+ 39. Kf4 Bxd4 40. Kg5 Re6 41. Rxd4 Kxh7 42. Rd7+ Kg8 43. Ra7 Re5+ 44. Kxg6 Re6+ 45. Kf5 Rh6 46. h4 Rh7 47. Ra8+ Kg7 0-1


[Site "https://www.chess.com"]

[Event "Titled Tuesday Blitz August 08 Early 2023"]
[White "Freitag, Manfred"]
[Black "Lopez Del Alamo, Antonio"]
[WhiteFideId "1602004"]
[BlackFideId "2227339"]
[WhiteElo "2662"]
[BlackElo "2352"]
[Result "1/2-1/2"]
[Round "3"]
[TimeControl "180+1"]
[Date "2023.08.08"]
[WhiteClock "0:00:26"]
[BlackClock "0:01:10"]
[Board "78"]

1. e4 c5 2. Nf3 e6 3. d4 cxd4 4. Nxd4 Nf6 5. Nc3 Nc6 6. Ndb5 d6 7. Bf4 e5 8. Bg5 a6 9. Na3 b5 10. Bxf6 gxf6 11. Nd5 Bg7 12. Bd3 Ne7 13. Nxe7 Qxe7 14. O-O O-O 15. c4 f5 16. Qf3 f4 17. cxb5 axb5 18. Nxb5 Bb7 19. Nc3 f5 20. Rfe1 Kh8 21. Qh5 d5 22. exd5 e4 23. Nxe4 fxe4 24. Rxe4 Qf7 25. Qh4 h6 26. Re6 Bxd5 27. Rxh6+ Bxh6 28. Qxh6+ Kg8 29. Qg5+ Kh8 30. Qh6+ Kg8 31. Qg5+ Kh8 32. Qh6+ 1/2-1/2


[Site "https://www.chess.com"]

[Event "Titled Tuesday Blitz August 08 Early 2023"]
[White "Nagare Kaivalya Sandip"]
[Black "Gauravthegm"]
[WhiteFideId "25957929"]
[WhiteElo "2661"]
[BlackElo "2343"]
[Result "1-0"]
[Round "3"]
[TimeControl "180+1"]
[Date "2023.08.08"]
[WhiteClock "0:02:31"]
[BlackClock "0:00:39"]
[Board "79"]

1. e4 c5 2. Nf3 e6 3. d4 cxd4 4. Nxd4 a6 5. Bd3 Qc7 6. O-O Nf6 7. Qe2 d6 8. c4 Nbd7 9. Nc3 b6 10. f4 Bb7 11. f5 e5 12. Nb3 h6 13. Be3 Be7 14. a4 Nc5 15. Nd2 Nxd3 16. Qxd3 Ng4 17. Kh1 Nxe3 18. Qxe3 Bg5 19. Qd3 Bxd2 20. Qxd2 Qxc4 21. Qxd6 Qd4 22. Qc7 Bxe4 23. Rad1 Qb4 24. Qxe5+ Kf8 25. Qxe4 Qxe4 26. Nxe4 Kg8 27. f6 Kh7 28. fxg7 Kxg7 29. Rd7 Rhf8 30. Nd6 1-0


[Site "https://www.chess.com"]

[Event "Titled Tuesday Blitz August 08 Early 2023"]
[White "EvgenyBurmakin"]
[Black "Gamayev, Oleg"]
[BlackFideId "2802813"]
[WhiteElo "2233"]
[BlackElo "2642"]
[Result "1/2-1/2"]
[Round "3"]
[TimeControl "180+1"]
[Date "2023.08.08"]
[WhiteClock "0:00:08"]
[BlackClock "0:01:17"]
[Board "80"]

1. e4 d6 2. d4 Nf6 3. Nc3 e5 4. Nf3 exd4 5. Nxd4 Be7 6. Be3 O-O 7. Be2 c6 8. g4 d5 9. e5 Nfd7 10. Bf4 Bg5 11. Qd2 Bxf4 12. Qxf4 Re8 13. O-O-O Nxe5 14. h4 Qd6 15. Qd2 Nbd7 16. Nf5 Qf6 17. f4 Ng6 18. h5 Ngf8 19. Bd3 Nc5 20. Ng3 Bxg4 21. Rdf1 h6 22. Rhg1 Nfe6 23. Nce2 Nxd3+ 24. Qxd3 Bxe2 25. Nxe2 Nc5 26. Qd2 Ne4 27. Qd3 Re7 28. Rg2 Rae8 29. Rfg1 Nc5 30. Rxg7+ Qxg7 31. Rxg7+ Kxg7 32. Qd4+ Kg8 33. Qxc5 Rxe2 34. Qxa7 R8e7 35. b3 Rg2 36. Qb8+ Kg7 37. Qd6 Re1+ 38. Kb2 Ree2 39. f5 Rxc2+ 40. Ka3 Rgf2 41. Qe5+ Kh7 42. Qf6 Rxa2+ 43. Kb4 Kg8 44. Qd8+ Kg7 45. Qe7 Rad2 46. Qe5+ Kh7 47. Qf6 Kg8 48. Qxh6 Rxf5 49. Qxd2 Rxh5 50. Qg2+ Kf8 51. Qf3 Rh4+ 52. Kc5 Re4 53. Kd6 Re6+ 54. Kc5 Ke7 55. Qf4 Re4 56. Qc7+ Ke6 57. Qxb7 d4 58. Qxc6+ Kf5 59. Qd5+ Re5 60. Kxd4 Rxd5+ 61. Kxd5 Kg4 62. b4 f5 63. b5 f4 64. b6 f3 65. b7 f2 66. b8=Q f1=Q 67. Qg8+ Kh3 68. Qh7+ Kg2 69. Qg6+ Kh1 70. Qh5+ Kg1 71. Qg4+ Qg2+ 72. Qxg2+ Kxg2 1/2-1/2


[Site "https://www.chess.com"]

[Event "Titled Tuesday Blitz August 08 Early 2023"]
[White "Sarana, Alexey"]
[Black "ATM622"]
[WhiteFideId "24133795"]
[WhiteElo "3081"]
[BlackElo "2506"]
[Result "1-0"]
[Round "3"]
[TimeControl "180+1"]
[Date "2023.08.08"]
[WhiteClock "0:01:36"]
[BlackClock "0:00:01"]
[Board "81"]

1. d4 Nf6 2. c4 e6 3. Nc3 Bb4 4. e3 O-O 5. Bd3 b6 6. e4 d5 7. cxd5 exd5 8. e5 Ne4 9. Ne2 c5 10. a3 Bxc3+ 11. bxc3 cxd4 12. cxd4 Ba6 13. O-O f5 14. Nf4 Bxd3 15. Qxd3 Qd7 16. h4 Rc8 17. f3 Ng3 18. Re1 Qe7 19. Nh3 Qxh4 20. Qb5 Nc6 21. Qxd5+ Kh8 22. Bf4 Nh5 23. Be3 f4 24. Bf2 Qd8 25. Qe4 Ng3 26. Bxg3 fxg3 27. d5 Na5 28. Rad1 Rc4 29. Qf5 g6 30. Qf7 Rc7 31. Qe6 Nc4 32. Qg4 Qf8 33. Qxg3 Qc5+ 34. Kh2 Re8 35. d6 Rg7 36. e6 g5 37. e7 Qc6 38. d7 Reg8 39. d8=Q 1-0


[Site "https://www.chess.com"]

[Event "Titled Tuesday Blitz August 08 Early 2023"]
[White "Perske, Thore"]
[Black "Bluebaum, Matthias"]
[WhiteFideId "12902195"]
[BlackFideId "24651516"]
[WhiteElo "2504"]
[BlackElo "3032"]
[Result "0-1"]
[Round "3"]
[TimeControl "180+1"]
[Date "2023.08.08"]
[WhiteClock "0:00:18"]
[BlackClock "0:01:54"]
[Board "82"]

1. d4 d5 2. Nf3 e6 3. g3 Nf6 4. Bg2 Bd6 5. O-O O-O 6. c4 Nc6 7. b3 dxc4 8. bxc4 e5 9. Bb2 exd4 10. Nxd4 Be5 11. e3 Bg4 12. Qd2 Re8 13. Na3 Qd7 14. Nac2 Rad8 15. Rab1 Bh3 16. Rfd1 Bxg2 17. Kxg2 Nxd4 18. exd4 Qc6+ 19. Kg1 Qxc4 20. Ne3 Qe6 21. Qb4 Bd6 22. Qxb7 Qxa2 23. Ra1 Qe6 24. Qxa7 Qh3 25. Qa6 Rb8 26. Ra2 Bxg3 27. hxg3 Rxe3 28. fxe3 Qxg3+ 29. Kf1 Qf3+ 30. Ke1 Ne4 31. Qe2 Qh1+ 32. Qf1 Qh4+ 33. Ke2 Ng3+ 34. Kd3 Nxf1 35. Rxf1 Qh5 36. Rf2 Qb5+ 37. Kc2 Qb3+ 38. Kb1 Qd1# 0-1


[Site "https://www.chess.com"]

[Event "Titled Tuesday Blitz August 08 Early 2023"]
[White "Droin, Augustin"]
[Black "Gurel, Ediz"]
[WhiteFideId "45105987"]
[BlackFideId "44507356"]
[WhiteElo "2503"]
[BlackElo "2986"]
[Result "1-0"]
[Round "3"]
[TimeControl "180+1"]
[Date "2023.08.08"]
[WhiteClock "0:00:13"]
[BlackClock "0:00:02"]
[Board "83"]

1. e4 c5 2. Nf3 g6 3. c3 Bg7 4. d4 cxd4 5. cxd4 d5 6. e5 Nc6 7. Bb5 Nh6 8. O-O O-O 9. Bxc6 bxc6 10. h3 f6 11. exf6 exf6 12. Nc3 Nf5 13. Na4 Re8 14. Nc5 Bf8 15. Re1 Rxe1+ 16. Nxe1 Qb6 17. Nb3 a5 18. g4 a4 19. gxf5 a3 20. fxg6 hxg6 21. Qd3 Bf5 22. Qg3 Re8 23. Ng2 Qb4 24. bxa3 Qc4 25. Ne3 Qd3 26. Bb2 Bd6 27. Qf3 Be4 28. Qxf6 Qe2 29. Qxd6 Qxb2 30. Rc1 Qe2 31. Qg3 Rf8 32. Ng4 Rf3 33. Qh4 Rd3 34. Ne5 Rd1+ 35. Rxd1 Qxd1+ 36. Kh2 Qh1+ 37. Kg3 Qg2+ 38. Kf4 Qf1 39. Qd8+ Kg7 40. Qe7+ Kg8 41. Qf7+ Kh8 42. Nxg6+ Bxg6 43. Qxg6 Qxf2+ 44. Ke5 Qe2+ 45. Kd6 Qxa2 46. Nc5 Qxa3 47. Qe8+ Kg7 48. Qxc6 Kh8 49. Qxd5 Qa7 50. Qe5+ Kg8 51. Qe8+ Kg7 52. Qd7+ Qxd7+ 53. Kxd7 1-0


[Site "https://www.chess.com"]

[Event "Titled Tuesday Blitz August 08 Early 2023"]
[White "Megaranto, Susanto"]
[Black "Kanyamarala, Tarun"]
[WhiteFideId "7101384"]
[BlackFideId "45004714"]
[WhiteElo "2985"]
[BlackElo "2501"]
[Result "0-1"]
[Round "3"]
[TimeControl "180+1"]
[Date "2023.08.08"]
[WhiteClock "0:00:56"]
[BlackClock "0:00:48"]
[Board "84"]

1. e4 c5 2. c3 e5 3. Nf3 Nc6 4. Bb5 Bd6 5. O-O Nge7 6. d3 O-O 7. Re1 Bc7 8. Nbd2 d6 9. Nf1 Kh8 10. Ng3 f5 11. Bg5 f4 12. Nf1 h6 13. Bxe7 Nxe7 14. d4 a6 15. Be2 cxd4 16. cxd4 Be6 17. N1d2 Ba5 18. a3 Ng6 19. d5 Bd7 20. b4 Bc7 21. Nc4 b5 22. Nb2 a5 23. Qd2 Nh4 24. Rec1 Bb6 25. Nd1 Nxf3+ 26. Bxf3 Bd4 27. Rab1 axb4 28. axb4 Ra3 29. Nc3 Qh4 30. Rc2 Rc8 31. Nd1 Rxc2 32. Qxc2 Rxf3 33. gxf3 Bh3 0-1


[Site "https://www.chess.com"]

[Event "Titled Tuesday Blitz August 08 Early 2023"]
[White "Mortazavi, Ali"]
[Black "Indjic, Aleksandar"]
[WhiteFideId "401323"]
[BlackFideId "911925"]
[WhiteElo "2497"]
[BlackElo "2925"]
[Result "0-1"]
[Round "3"]
[TimeControl "180+1"]
[Date "2023.08.08"]
[WhiteClock "0:00:20"]
[BlackClock "0:00:49"]
[Board "86"]

1. e4 d5 2. d4 dxe4 3. Nc3 Nf6 4. f3 exf3 5. Nxf3 Bf5 6. Bc4 e6 7. O-O c6 8. Kh1 Nbd7 9. Qe1 Be7 10. Bb3 Bg6 11. Bg5 Nd5 12. Bd2 Nxc3 13. bxc3 O-O 14. Qg3 b5 15. a4 Nb6 16. axb5 cxb5 17. Ne5 Bd6 18. Bf4 Bxe5 19. Bxe5 Qd7 20. h4 f6 21. Bf4 a5 22. Rae1 Nc4 23. Qh3 Bf5 24. g4 Qd5+ 25. Kh2 Be4 26. Rf2 a4 27. Ba2 e5 28. Bg3 exd4 29. Rfe2 d3 30. cxd3 Bxd3 31. Re7 Rf7 32. R7e3 Bc2 33. R1e2 Bb3 34. Bb1 Nxe3 35. Bf4 Nc2 36. g5 fxg5 0-1


[Site "https://www.chess.com"]

[Event "Titled Tuesday Blitz August 08 Early 2023"]
[White "Koutlas, Nikolaos"]
[Black "Terry, Renato"]
[WhiteFideId "25827138"]
[BlackFideId "3803457"]
[WhiteElo "2498"]
[BlackElo "2920"]
[Result "0-1"]
[Round "3"]
[TimeControl "180+1"]
[Date "2023.08.08"]
[WhiteClock "0:00:03"]
[BlackClock "0:00:14"]
[Board "87"]

1. Nf3 d5 2. g3 Nf6 3. Bg2 c6 4. O-O Bg4 5. d3 Nbd7 6. Nbd2 e5 7. e4 dxe4 8. Nxe4 Nxe4 9. dxe4 Qc7 10. Be3 Be7 11. h3 Bh5 12. Qe2 O-O 13. g4 Bg6 14. Nd2 Nc5 15. a4 Ne6 16. Nc4 h6 17. a5 Bg5 18. c3 Nf4 19. Bxf4 Bxf4 20. Rfd1 Qe7 21. Rd6 Qh4 22. a6 b6 23. Rxc6 h5 24. Rd1 Rad8 25. Rcd6 Rc8 26. Rd7 hxg4 27. hxg4 Rc6 28. R1d6 Rxd6 29. Nxd6 Rd8 30. Qb5 Rf8 31. Qe2 Rd8 32. Rxa7 Rxd6 33. Rb7 Rd2 34. Qxd2 Bxd2 35. a7 Be1 36. a8=Q+ Kh7 37. Qa1 Qxf2+ 38. Kh1 Bd2 39. Qg1 Qe2 40. Qh2+ Bh6 41. g5 Qe1+ 42. Qg1 Qh4+ 43. Qh2 Qxg5 44. Qh3 Qc1+ 45. Kh2 Qxb2 46. c4 Qf2 47. Qg3 Bf4 48. Qxf4 Qxf4+ 0-1


[Site "https://www.chess.com"]

[Event "Titled Tuesday Blitz August 08 Early 2023"]
[White "Gholami Orimi, Mahdi"]
[Black "Liu, Casper"]
[WhiteFideId "12558486"]
[BlackFideId "1454153"]
[WhiteElo "2894"]
[BlackElo "2497"]
[Result "1-0"]
[Round "3"]
[TimeControl "180+1"]
[Date "2023.08.08"]
[WhiteClock "0:00:30"]
[BlackClock "0:00:00"]
[Board "88"]

1. d4 Nf6 2. c4 g6 3. g3 Bg7 4. Bg2 O-O 5. Nc3 Nc6 6. Nf3 d6 7. O-O Bg4 8. d5 Bxf3 9. exf3 Ne5 10. Qe2 Re8 11. f4 Ned7 12. Be3 e5 13. dxe6 Rxe6 14. Bxb7 Rb8 15. Bg2 Nc5 16. Rad1 Qc8 17. Qc2 Qa6 18. b3 Nfd7 19. Nd5 Qc8 20. f5 Re8 21. fxg6 hxg6 22. Bh3 Qd8 23. b4 Ne6 24. a3 Ne5 25. f4 Nc6 26. Qf2 f5 27. g4 Ne7 28. Nxe7+ Qxe7 29. gxf5 gxf5 30. Bxf5 Rf8 31. Bg4 c5 32. Rfe1 Qf7 33. Rxd6 Rbe8 34. Rxe6 Rxe6 35. Bxe6 Qxe6 36. Bxc5 Qg4+ 37. Qg2 Rxf4 38. Bxa7 Qf5 39. h3 Kh7 40. Be3 Rf3 41. Rf1 Rxf1+ 42. Qxf1 Qe4 43. Qf4 Qb1+ 44. Kg2 Qc2+ 45. Bf2 Qg6+ 46. Qg4 Qd3 47. c5 Qd5+ 48. Qf3 Qg5+ 49. Bg3 Qd2+ 50. Qf2 Qd5+ 51. Kh2 Bd4 52. Qc2+ Kg8 53. c6 Qd8 54. c7 Qc8 55. Qc4+ Kh7 56. Qxd4 Kg6 57. Qg4+ 1-0


[Site "https://www.chess.com"]

[Event "Titled Tuesday Blitz August 08 Early 2023"]
[White "Hirneise, Jens"]
[Black "Harshavardhan G B"]
[WhiteFideId "24614734"]
[BlackFideId "25059009"]
[WhiteElo "2497"]
[BlackElo "2871"]
[Result "1-0"]
[Round "3"]
[TimeControl "180+1"]
[Date "2023.08.08"]
[WhiteClock "0:00:28"]
[BlackClock "0:02:07"]
[Board "89"]

1. e4 e5 2. Nf3 Nc6 3. Bc4 Nf6 4. d3 Be7 5. Nc3 O-O 6. O-O d6 7. h3 h6 8. a3 Kh8 9. d4 Nxe4 10. Nxe4 d5 11. Bxd5 Qxd5 12. Nc3 Qd6 13. dxe5 Nxe5 14. Nxe5 Qxe5 15. Re1 Qf6 16. Nd5 Qd6 17. Nxe7 Be6 18. Qxd6 cxd6 19. Rd1 Rad8 20. Nd5 Rfe8 21. Be3 b6 22. c3 Rc8 23. Rd2 Kg8 24. Rad1 Bf5 25. Nf4 g5 26. Ne2 g4 27. h4 h5 28. Rxd6 Kh7 29. Rh6+ Kg7 30. Rxh5 Bg6 31. Rhd5 Re4 32. Ng3 Ra4 33. h5 Bh7 34. h6+ Kf6 35. Rd6+ Ke7 36. Rd7+ Ke8 37. Nh5 Bg6 38. Nf6+ Kf8 39. Bg5 Ra5 40. Rd8+ Rxd8 41. Rxd8+ Ke7 42. Re8+ Kd6 43. h7 Bxh7 44. Nxh7 Kc6 45. Be3 Rd5 46. Re4 Rd1+ 47. Kh2 Rb1 48. Rb4 f5 49. Kg3 Kd5 50. Kf4 Ke6 51. Ng5+ Kf6 52. a4 Kg6 53. Rb5 Ra1 54. b3 g3 55. Kxg3 Rd1 56. Nf3 Kh7 57. Rxf5 Rd3 58. Bd4 a6 59. Rf6 b5 60. axb5 axb5 61. Rb6 b4 62. Rxb4 Kg6 63. Rc4 Kh5 64. b4 Rd1 65. b5 Rb1 66. b6 Ra1 67. b7 Ra8 68. bxa8=Q Kg6 1-0


[Site "https://www.chess.com"]

[Event "Titled Tuesday Blitz August 08 Early 2023"]
[White "Perrine, Dalton"]
[Black "Kravtsiv, Martyn"]
[WhiteFideId "2048434"]
[BlackFideId "14113147"]
[WhiteElo "2497"]
[BlackElo "2856"]
[Result "1-0"]
[Round "3"]
[TimeControl "180+1"]
[Date "2023.08.08"]
[WhiteClock "0:00:23"]
[BlackClock "0:01:22"]
[Board "90"]

1. Nf3 g6 2. e4 Bg7 3. d4 d6 4. c3 b6 5. Bd3 Bb7 6. O-O Nd7 7. Re1 e5 8. a3 Ne7 9. a4 O-O 10. a5 bxa5 11. Nbd2 d5 12. dxe5 Nxe5 13. Nxe5 Bxe5 14. exd5 Bg7 15. c4 c6 16. Nb3 cxd5 17. Nxa5 Bc8 18. Bg5 f6 19. Bd2 Rb8 20. Rxe7 Qxe7 21. Nc6 Qd6 22. Nxb8 Qxb8 23. Bc3 dxc4 24. Bxc4+ Kh8 25. Qd4 Re8 26. Rxa7 Bb7 27. Qd7 Rd8 28. Rxb7 1-0


[Site "https://www.chess.com"]

[Event "Titled Tuesday Blitz August 08 Early 2023"]
[White "Khubukshanov, Erdem"]
[Black "Nguyen Hong Nhung"]
[WhiteFideId "54114527"]
[BlackFideId "12412201"]
[WhiteElo "2844"]
[BlackElo "2496"]
[Result "1-0"]
[Round "3"]
[TimeControl "180+1"]
[Date "2023.08.08"]
[WhiteClock "0:00:43"]
[BlackClock "0:00:08"]
[Board "91"]

1. e4 c5 2. Nf3 e6 3. c3 d5 4. exd5 Qxd5 5. d4 Nf6 6. Be2 Nc6 7. O-O cxd4 8. cxd4 Bb4 9. Nc3 Bxc3 10. bxc3 O-O 11. c4 Qd6 12. Qd3 b6 13. Ba3 Nb4 14. Qb3 a5 15. Rfb1 Bb7 16. Bxb4 axb4 17. Qxb4 Qf4 18. Qxb6 Be4 19. Re1 Rfb8 20. Qc5 Rb2 21. a4 Ng4 22. Qg5 Qxg5 23. Nxg5 Nf6 24. h4 Bc6 25. a5 h6 26. Nf3 Ne4 27. Ne5 Bb7 28. Bf3 f5 29. Reb1 Rxb1+ 30. Rxb1 Ba6 31. Bxe4 fxe4 32. Rb6 1-0


[Site "https://www.chess.com"]

[Event "Titled Tuesday Blitz August 08 Early 2023"]
[White "Timofeev, Artyom"]
[Black "Ljukin, Sergei"]
[WhiteFideId "4140419"]
[BlackFideId "14102200"]
[WhiteElo "2830"]
[BlackElo "2492"]
[Result "1-0"]
[Round "3"]
[TimeControl "180+1"]
[Date "2023.08.08"]
[WhiteClock "0:02:49"]
[BlackClock "0:02:10"]
[Board "92"]

1. c4 c6 2. e4 d5 3. exd5 cxd5 4. d4 Nf6 5. Nc3 e6 6. Nf3 Bb4 7. Bd3 O-O 8. O-O dxc4 9. Bxc4 b6 10. Qe2 Bb7 11. Rd1 Nbd7 12. d5 exd5 13. Nxd5 Nxd5 14. Bxd5 Qc7 15. Bxb7 Qxb7 16. Qb5 1-0


[Site "https://www.chess.com"]

[Event "Titled Tuesday Blitz August 08 Early 2023"]
[White "Bach Ngoc Thuy Duong"]
[Black "Salinas Herrera, Pablo"]
[WhiteFideId "12408956"]
[BlackFideId "3407128"]
[WhiteElo "2491"]
[BlackElo "2827"]
[Result "0-1"]
[Round "3"]
[TimeControl "180+1"]
[Date "2023.08.08"]
[WhiteClock "0:00:10"]
[BlackClock "0:01:08"]
[Board "93"]

1. d4 Nf6 2. c4 g6 3. Nc3 Bg7 4. e4 O-O 5. Nf3 d6 6. Be2 Nbd7 7. O-O e5 8. Re1 h6 9. Rb1 Qe7 10. Bf1 c6 11. b4 Nh5 12. b5 Ndf6 13. h3 Nf4 14. Bxf4 exf4 15. e5 dxe5 16. Nxe5 cxb5 17. Nxg6 Qd8 18. Nxf8 bxc4 19. Ng6 fxg6 20. Bxc4+ Kh7 21. Bd3 Qd6 22. Nb5 Qf8 23. Qc2 Bd7 24. Bxg6+ Kh8 25. Nc7 Rc8 26. Rxb7 f3 27. Qc5 Qg8 28. Qe7 fxg2 29. Ne6 Bxe6 30. Qxe6 Qxe6 31. Rxe6 Nd5 32. Re8+ Rxe8 33. Bxe8 Nf4 34. Rd7 Bxd4 35. Rf7 Be5 36. Bc6 Nxh3+ 37. Kxg2 Nf4+ 38. Kf3 Ne6 39. Kg2 Bd4 40. Re7 Nf4+ 41. Kg3 Ng6 42. Rd7 Bb6 43. Be4 Nf8 44. Rf7 Kg8 45. Rf6 Kg7 46. Rc6 Nd7 47. f4 Nf6 48. Bf3 Ng8 49. Rd6 Ne7 50. Rd7 Kf6 51. Kg4 Nf5 52. Be4 h5+ 53. Kf3 Nd4+ 54. Kg3 Ne6 55. Rh7 Bc7 56. Rxh5 Bxf4+ 57. Kg4 Bc7 58. Rh6+ Ke5 59. Bf5 Nd4 60. Rh7 Bb6 61. Re7+ Kd6 62. Re4 Nc6 63. Re2 Kc5 64. Kf3 Nd4+ 65. Ke3 Nxf5+ 66. Kf4 Nd4 67. Re5+ Kc4 68. Re4 Kd3 69. Re8 Nb5 70. Kf3 Nc3 71. a3 Nb5 72. a4 Nc3 73. a5 Bxa5 74. Rd8+ Bxd8 0-1


[Site "https://www.chess.com"]

[Event "Titled Tuesday Blitz August 08 Early 2023"]
[White "Javakhadze, Zurab"]
[Black "Papayan, Oleg"]
[WhiteFideId "13603647"]
[BlackFideId "4193911"]
[WhiteElo "2809"]
[BlackElo "2490"]
[Result "1-0"]
[Round "3"]
[TimeControl "180+1"]
[Date "2023.08.08"]
[WhiteClock "0:00:09"]
[BlackClock "0:00:00"]
[Board "94"]

1. c4 Nf6 2. Nc3 d5 3. cxd5 Nxd5 4. e4 Nxc3 5. bxc3 g6 6. Nf3 Bg7 7. d4 O-O 8. Ba3 Nd7 9. Be2 c5 10. O-O Qa5 11. Qb3 b6 12. Rac1 Bb7 13. d5 Ne5 14. Nxe5 Bxe5 15. c4 Qd2 16. Bf3 Bd4 17. Rc2 Qg5 18. Bb2 Rac8 19. Rd1 e5 20. dxe6 Bxb2 21. exf7+ Rxf7 22. Rxb2 Rcf8 23. Kf1 Qh4 24. Qe3 Qxh2 25. Rbd2 Ba6 26. Qc3 Qf4 27. Rd8 g5 28. Rxf8+ Rxf8 29. Rd7 Qf6 30. e5 Qf5 31. Bd5+ Kh8 32. e6+ Rf6 33. Qb2 h6 34. Rf7 1-0


[Site "https://www.chess.com"]

[Event "Titled Tuesday Blitz August 08 Early 2023"]
[White "Novik, Maxim"]
[Black "Riehle, Marco"]
[WhiteFideId "4102924"]
[BlackFideId "12904392"]
[WhiteElo "2490"]
[BlackElo "2803"]
[Result "0-1"]
[Round "3"]
[TimeControl "180+1"]
[Date "2023.08.08"]
[WhiteClock "0:00:00"]
[BlackClock "0:02:01"]
[Board "95"]

1. e4 e5 2. Nf3 Nf6 3. Nxe5 Nxe4 4. Qe2 Qe7 5. Qxe4 d6 6. d4 dxe5 7. dxe5 Nc6 8. Bb5 Bd7 9. O-O O-O-O 10. Re1 Nxe5 11. Bxd7+ Rxd7 12. Nc3 Nc6 13. Be3 Qxe4 14. Nxe4 h6 15. c3 f5 16. Nc5 Bxc5 17. Bxc5 Rd2 18. Rab1 Rhd8 19. Be3 R2d5 20. Kf1 g5 21. f3 f4 22. Bf2 Ne5 23. b3 Nd3 24. Re2 c5 25. c4 R5d6 26. Rd1 b6 27. Bg1 Kc7 28. Red2 Kc6 29. a4 a6 30. Rc2 Nb4 0-1


[Site "https://www.chess.com"]

[Event "Titled Tuesday Blitz August 08 Early 2023"]
[White "Brunner, Nicolas"]
[Black "Klukin, Kirill"]
[WhiteFideId "620246"]
[BlackFideId "24199273"]
[WhiteElo "2488"]
[BlackElo "2799"]
[Result "0-1"]
[Round "3"]
[TimeControl "180+1"]
[Date "2023.08.08"]
[WhiteClock "0:00:01"]
[BlackClock "0:00:17"]
[Board "96"]

1. Nf3 d5 2. g3 Nf6 3. Bg2 Bf5 4. O-O e6 5. d3 Be7 6. Nbd2 h6 7. Qe1 O-O 8. e4 Bh7 9. Qe2 c5 10. Re1 Nc6 11. e5 Nd7 12. Nf1 Qc7 13. h4 Rfc8 14. Bf4 Nd4 15. Nxd4 cxd4 16. Rac1 Qa5 17. a3 Qb6 18. Rb1 Nc5 19. Nh2 Rc6 20. h5 Rac8 21. Ng4 Qa6 22. Nxh6+ gxh6 23. Bxh6 Bf8 24. Qg4+ Kh8 25. Bg5 Nd7 26. Qf4 Kg8 27. Bf6 Nxf6 28. exf6 Rxc2 29. Re5 Qxd3 30. Rg5+ Kh8 31. Bf1 Qe4 0-1


[Site "https://www.chess.com"]